 Dungeon Crawl Stone Soup version 0.17.0-24-gcfadda4 (console) character file.

1359 Kloppie the Chopper (level 8, -19/78 HPs)
             Began as a Deep Dwarf Venom Mage on Nov 15, 2015.
             Demolished by an ogre
             ... wielding a +0 giant spiked club
              (24 damage)
             ... on level 5 of the Dungeon.
             The game lasted 00:23:05 (6705 turns).

Kloppie the Chopper (Deep Dwarf Venom Mage)         Turns: 6705, Time: 00:23:05

Health: -19/78     AC: 12    Str: 13      XL:     8   Next: 37%
Magic:  6/6        EV:  3    Int: 17      God:
Gold:   302        SH:  0    Dex: 10 (13) Spells: 1 memorised, 9 levels left

rFire  . . .     SeeInvis .     y - +0 hand axe
rCold  + . .     Clarity  .     p - +0 plate armour
rNeg   . . .     SustAt   .     (no shield)
rPois  .         Gourm    .     (no helmet)
rElec  .         Spirit   .     (no cloak)
rCorr  .         Warding  .     w - +1 pair of gloves
rMut   .         Rnd*Tele +     (no boots)
MR     +....                    (no amulet)
Stlth  ..........               v - ring of teleportation
                                z - ring of protection from cold

@: non-regenerating, very heavily drained, somewhat resistant to hostile
enchantments, extremely unstealthy
A: damage resistance, recharge devices, sense surroundings 1, slow regeneration
3
a: Device Recharging, Evoke Teleportation


You were on level 5 of the Dungeon.
You were not hungry.

You visited 2 branches of the dungeon, and saw 8 of its levels.

You collected 302 gold pieces.

Inventory:

Hand Weapons
 f - a +0 whip
 y - a +0 hand axe (weapon)
 H - a +0 battleaxe
Armour
 a - a +0 robe
 h - a +0 ring mail
 k - a +0 scale mail
 o - a +0 scale mail of fire resistance
 p - a +0 plate armour (worn)
 w - a +1 pair of gloves (worn)
Magical Staves
 m - an uncursed staff of power
Jewellery
 v - a ring of teleportation (right hand)
 z - a ring of protection from cold (left hand)
 D - an uncursed ring of fire
Wands
 c - a wand of heal wounds (2)
Scrolls
 g - a scroll of fear
 l - 2 scrolls of identify
 n - a scroll of amnesia {unknown}
 r - 2 scrolls of enchant armour
 x - 4 scrolls of remove curse
 G - a scroll of enchant weapon {unknown}
Potions
 e - 2 potions of cure mutation
 i - a potion of flight
 j - a potion of invisibility
 q - 3 potions of curing {unknown}
 s - 2 potions of heal wounds {unknown}
 A - a potion of agility
 B - a potion of lignification {unknown}
 E - a potion of poison {unknown}
 F - a potion of might {unknown}
 I - a potion of haste {unknown}
Books
 b - a Young Poisoner's Handbook

   Spells                             Type                      Level
   a - Sting                          Conjuration/Poison           1
   b - Cure Poison                    Poison                       2
   c - Mephitic Cloud                 Conjuration/Poison/Air       3
   d - Olgreb's Toxic Radiance        Poison                       4
   e - Venom Bolt                     Conjuration/Poison           5
Comestibles
 d - 6 bread rations
 t - 3 beef jerkies
 u - 2 meat rations
 C - 4 fruits
 J - 3 chunks of flesh


   Skills:
 + Level 6.3(0.0) Fighting
 + Level 6.6(0.0) Axes
 + Level 4.1(0.0) Armour
 - Level 2.1(0.0) Dodging
 - Level 2.4(0.0) Stealth
 - Level 1.7(0.0) Spellcasting
 - Level 3.2(0.0) Poison Magic


You had 9 spell levels left.
You knew the following spells:

 Your Spells              Type           Power        Failure   Level  Hunger
a - Sting                 Conj/Pois      #...         100%        1    ##.....


Dungeon Overview and Level Annotations

Branches:
Dungeon (7/15)             Temple (1/1) D:6

Altars:
Cheibriados
Dithmenos
Fedhas
Nemelex Xobeh
Okawaru
Ru
Trog
Vehumet
Yredelemnul
Zin
The Shining One

Shops:
D:5 *(}

Annotations:
D:4 ldierk's ghost, novice KoAs
D:5 Eustachio
D:7 Joseph


Innate Abilities, Weirdness & Mutations

You are resistant to damage.
You can recharge devices by infusing magical energy.
You passively map a small area around you.
You do not regenerate naturally.


Message History

You continue eating. x2
There is a stone staircase leading down here.
You climb downwards.
Level annotation: Eustachio
There is a stone staircase leading up here.
There is an open door, spattered with blood here.
There is a stone staircase leading down here.
You climb downwards.
The ogre hits you with a giant club!
The ogre hits you with a giant spiked club.
There is a stone staircase leading up here.
The ogre hits you with a giant club!!
* * * LOW HITPOINT WARNING * * *
The ogre hits you with a giant spiked club!!
* * * LOW HITPOINT WARNING * * *
You climb upwards.
Level annotation: Eustachio
There is a stone staircase leading down here.
The ogre hits you but does no damage.
The ogre hits you with a giant spiked club!!
You die...

............#.....#..)...........
............#.....##...##.##.###+
............#.....###'###.##.#...
............#.....#..........#...
............#.....##.........#...
####+##.....##'#####.........#...
......#.....#......#.........#...
......#.....'....O.#.........#...
......#.....#...@.>#.........#...
......#.....#....O####'#######...
.##.###.....########...###...###'
.#######'##........#.............
..........#........#.............
..........#........#.............
.......)..#........#....##.......
....##..#.#.#.#.#.#.#.#.#########
....##'#.................#.......


You could see 2 ogres.

Vanquished Creatures
  A hippogriff (D:6)
  Edmund (D:5)
  A centaur (D:5)
  An ice beast (D:7)
  3 ogres
  Blork the orc (D:5)
  2 scorpions
  2 orc priests
  A centaur skeleton (D:4)
  3 hounds
  An orc wizard (D:4)
  2 worker ants
  A hound skeleton (D:6)
  A worker ant zombie (D:5)
  3 gnolls
  10 adders
  An ooze (D:5)
  3 worms
  An adder skeleton (D:4)
  An adder zombie (D:5)
  6 giant geckos
  12 orcs
  10 hobgoblins
  8 kobolds
  9 bats
  4 giant cockroaches
  6 giant newts
  5 goblins
  9 rats
109 creatures vanquished.

Notes
Turn   | Place    | Note
--------------------------------------------------------------
     0 | D:1      | Kloppie the Deep Dwarf Venom Mage began the quest for the Orb.
     0 | D:1      | Reached XP level 1. HP: 15/15 MP: 3/3
   138 | D:1      | Reached skill level 1 in Fighting
   286 | D:1      | Reached XP level 2. HP: 25/25 MP: 0/4
  1174 | D:2      | Reached XP level 3. HP: 22/33 MP: 0/5
  1223 | D:2      | Found a glowing golden altar of the Shining One.
  1224 | D:2      | Found a shadowy altar of Dithmenos.
  2459 | D:3      | Reached XP level 4. HP: 23/42 MP: 3/6
  2498 | D:3      | Noticed an orc warrior
  2659 | D:2      | Reached skill level 1 in Axes
  3071 | D:4      | Noticed ldierk's ghost (novice KoAs)
  3088 | D:3      | Reached XP level 5. HP: 25/50 MP: 7/7
  3838 | D:4      | Noticed an ogre
  3862 | D:4      | Killed an ogre
  3862 | D:4      | Reached skill level 4 in Fighting
  3862 | D:4      | Reached XP level 6. HP: 31/58 MP: 7/7
  3995 | D:4      | Found a sparkling altar of Nemelex Xobeh.
  4374 | D:5      | Entered Level 5 of the Dungeon
  4434 | D:5      | Found Tyobooje's Antique Weapon Emporium.
  4459 | D:5      | Reached skill level 5 in Fighting
  4529 | D:5      | Noticed Edmund
  4544 | D:5      | Reached XP level 7. HP: 37/67 MP: 7/7
  4546 | D:5      | You fall through a shaft!
  4547 | D:6      | Found a staircase to the Ecumenical Temple.
  4561 | Temple   | Entered the Ecumenical Temple
  4906 | D:7      | Reached skill level 5 in Axes
  4906 | D:7      | Reached skill level 1 in Armour
  5042 | D:7      | Noticed Joseph
  5326 | D:5      | Found Vetruwora's Assorted Antiques.
  5465 | D:5      | Reached XP level 8. HP: 43/76 MP: 7/7
  5657 | D:5      | Killed Edmund
  5657 | D:5      | Reached skill level 6 in Fighting
  5866 | D:5      | Noticed Blork the orc
  5878 | D:5      | Killed Blork the orc
  5893 | D:5      | Found Qeij's Gadget Boutique.
  5993 | D:5      | Noticed Eustachio
  6310 | D:6      | Found a blossoming altar of Fedhas.
  6705 | D:5      | Demolished by an ogre

Action                   |  1- 3 |  4- 6 |  7- 9 || total
-------------------------+-------+-------+-------++-------
Melee: Whip              |    72 |       |       ||    72
       Unarmed           |     7 |       |       ||     7
       Hand axe          |     4 |   295 |   471 ||   770
       Battleaxe         |       |       |   114 ||   114
 Cast: Sting             |    88 |    18 |       ||   106
 Abil: Device Recharging |       |     2 |     2 ||     4
Evoke: Wand              |     1 |    10 |    14 ||    25
  Use: Scroll            |       |     9 |     3 ||    12
  Eat: Chunk             |     7 |     6 |     8 ||    21
       Beef jerky        |       |     1 |       ||     1
       Pizza             |       |       |     1 ||     1
